 Dungeon Crawl Stone Soup version 0.28-a0-816-gb054d885db (webtiles) character file.

Game seed: 14063995760567658529

1250 Crownlay the Cleaver (level 8, -5/70 HPs)
             Began as a Hill Orc Fighter on Nov 8, 2021.
             Was an Initiate of Okawaru.
             Killed from afar by an acid dragon (16 damage)
             ... with a splash of acid
             ... on level 5 of the Dungeon.
             The game lasted 00:08:17 (4483 turns).

Crownlay the Cleaver (Hill Orc Fighter)             Turns: 4483, Time: 00:08:18

Health: -5/70      AC:  1    Str: 21    XL:     8   Next: 50%
Magic:  8/8        EV:  7    Int:  8    God:    Okawaru [......]
Gold:   86         SH:  4    Dex: 10    Spells: 7/7 levels left

rFire   . . .      SeeInvis .   a - +0 war axe
rCold   . . .      Faith    .   c - +0 buckler
rNeg    . . .      Spirit   .   i - +3 chain mail
rPois   +          Reflect  .   g - +0 helmet
rElec   .          Harm     .   (no cloak)
rCorr   .          Rampage  .   (no gloves)
Will    .....                   (no boots)
Stlth   ..........              o - amulet of regeneration
HPRegen 1.21/turn               s - ring of poison resistance
MPRegen 0.11/turn               (no ring)

@: corroded
A: no striking features
a: Renounce Religion


You were on level 5 of the Dungeon.
You worshipped Okawaru.
Okawaru was noncommittal.
You visited 2 branches of the dungeon, and saw 6 of its levels.

You collected 156 gold pieces.
You spent 70 gold pieces at shops.

Inventory:

Hand Weapons
 a - a +0 war axe (weapon)
Armour
 c - a +0 buckler (worn)
 g - a +0 helmet (worn)
 i - a +3 chain mail (worn)
 q - a +0 kite shield
Jewellery
 o - an amulet of regeneration (around neck)
 s - a ring of poison resistance (left hand)
Wands
 d - a wand of flame (15)
Scrolls
 e - a scroll of fear
 f - 3 scrolls of amnesia
 h - a scroll of brand weapon {unknown}
 j - a scroll of enchant weapon {unknown}
 k - 3 scrolls of teleportation
 l - a scroll of enchant armour {unknown}
 m - 2 scrolls of identify
 n - a scroll of fog
 r - a scroll of vulnerability {unknown}
Potions
 b - a potion of curing {unknown}
 p - 2 potions of cancellation {unknown}


   Skills:
 - Level 6.0 Fighting
 * Level 11.8 Axes
 - Level 3.2 Armour
 - Level 4.0 Shields


You had 7 spell levels left.
You didn't know any spells.
Your spell library was empty.

Dungeon Overview and Level Annotations

Branches:
Dungeon (5/15)             Temple (1/1) D:5

Altars:
Ashenzari
Cheibriados
Elyvilon
Fedhas
Hepliaklqana
Makhleb
Okawaru
Sif Muna
Uskayaw
Vehumet
Wu Jian
Xom
Yredelemnul
The Shining One

Shops:
D:2 ?   D:4 *

Annotations:
D:2 1 runed translucent door, Crazy Yiuf


Message History

You are too injured to fight recklessly!
You are too injured to fight recklessly!
You are too injured to fight recklessly!
You are too injured to fight recklessly!
You are too injured to fight recklessly!
You are too injured to fight recklessly!
You hit the acid dragon.
The acid dragon is lightly wounded.
Your chain mail prevents you from hitting the acid dragon.
The acid dragon is lightly wounded.
You block the acid dragon's attack. The acid dragon claws you.
You barely miss the acid dragon.
The acid dragon is lightly wounded.
The acid dragon spits acid at you. The splash of acid hits you!
* * * LOW HITPOINT WARNING * * *
The acid corrodes you!
You closely miss the acid dragon.
The acid dragon is lightly wounded.
You block the acid dragon's attack. The acid dragon claws you.
* * * LOW HITPOINT WARNING * * *
You closely miss the acid dragon.
The acid dragon is lightly wounded.
The acid dragon bites you.
* * * LOW HITPOINT WARNING * * *
The acid dragon claws you.
* * * LOW HITPOINT WARNING * * *
You hit the acid dragon but do no damage.
The acid dragon is lightly wounded.
You block the acid dragon's attack. The acid dragon closely misses you.
You hit the acid dragon.
The acid dragon is lightly wounded.
The acid dragon bites you!
* * * LOW HITPOINT WARNING * * *
The acid dragon closely misses you.
You hit the acid dragon but do no damage.
The acid dragon is lightly wounded.
The acid dragon spits acid at you. The splash of acid hits you!
You die...

### .. # # ###.###.
.. .......
##.####....#
##.......#.##...
......D@.)>.....
###.####.#.#... #.#
###.# ###...##
###...8..#
#####...8.8..##
###..........8..#
###..†##.88....88.#


You could see an acid dragon (catching breath).

Vanquished Creatures
  Edmund (D:5)
  Menkaure (D:5)
  A necrophage (D:4)
  An ogre (D:4)
  A centaur (D:5)
  A kobold brigand (D:5)
  A water moccasin skeleton (D:4)
  A centaur zombie (D:5)
  4 crimson imps (D:4)
  3 hounds
  A jelly (D:5)
  A centaur skeleton (D:4)
  2 orc priests
  Ijyb (D:5)
  An iguana (D:4)
  3 orc wizards (D:2)
  2 adders (D:4)
  4 gnolls
  An adder skeleton (D:4)
  3 worms
  2 dart slugs
  12 orcs
  12 endoplasms
  2 giant cockroaches
  8 hobgoblins
  2 quokkas
  6 ball pythons
  2 bats
  3 frilled lizards
  5 goblins
  7 kobolds
  5 rats
100 creatures vanquished.

Vanquished Creatures (others)
  4 plants (D:3)
4 creatures vanquished.

Grand Total: 104 creatures vanquished

Notes
Turn   | Place    | Note
-------+----------+-------------------------------------------
     0 | D:1      | Crownlay the Hill Orc Fighter began the quest for the Orb.
     0 | D:1      | Reached XP level 1. HP: 19/19 MP: 1/1
    63 | D:1      | Reached skill level 3 in Axes
   139 | D:1      | Reached XP level 2. HP: 26/26 MP: 2/2
   459 | D:1      | Reached skill level 4 in Axes
   462 | D:1      | Reached XP level 3. HP: 29/31 MP: 3/3
   777 | D:2      | Reached skill level 5 in Axes
   777 | D:2      | Reached XP level 4. HP: 10/39 MP: 4/4
  1434 | D:2      | Reached skill level 6 in Axes
  1434 | D:2      | Reached XP level 5. HP: 33/45 MP: 2/5
  1518 | D:1      | Reached skill level 7 in Axes
  2027 | D:2      | Found a faded altar of an unknown god.
  2170 | D:2      | Found Ysmarik's Magic Scroll Boutique.
  2228 | D:2      | Bought a scroll of identify for 20 gold pieces
  2228 | D:2      | Bought a scroll of teleportation for 30 gold pieces
  2228 | D:2      | Bought a scroll of identify for 20 gold pieces
  2422 | D:2      | Found a runed translucent door.
  2423 | D:2      | Noticed Crazy Yiuf
  2608 | D:3      | Reached XP level 6. HP: 38/51 MP: 6/6
  2855 | D:3      | Found a white marble altar of Elyvilon.
  2907 | D:3      | Found a burning altar of Makhleb.
  3148 | D:4      | Noticed a necrophage
  3156 | D:4      | Killed a necrophage
  3157 | D:4      | Reached skill level 8 in Axes
  3217 | D:4      | Reached skill level 9 in Axes
  3217 | D:4      | Reached XP level 7. HP: 57/57 MP: 7/7
  3262 | D:4      | Found Cioklor's Assorted Antiques.
  3707 | D:4      | Found a shimmering altar of Xom.
  3730 | D:4      | Reached skill level 10 in Axes
  3881 | D:5      | Entered Level 5 of the Dungeon
  3884 | D:5      | Noticed Ijyb
  3891 | D:5      | Killed Ijyb
  3927 | D:5      | Found a staircase to the Ecumenical Temple.
  3939 | Temple   | Entered the Ecumenical Temple
  3992 | Temple   | Became a worshipper of Warmaster Okawaru
  4218 | D:5      | Noticed Edmund
  4236 | D:5      | Killed Edmund
  4237 | D:5      | Reached skill level 5 in Fighting
  4237 | D:5      | Reached skill level 11 in Axes
  4237 | D:5      | Reached XP level 8. HP: 13/68 MP: 8/8
  4324 | D:5      | Noticed a +0 short sword
  4338 | D:5      | Noticed a +0 falchion
  4339 | D:5      | Noticed a +0 dagger
  4340 | D:5      | Noticed a +0 spear
  4340 | D:5      | Noticed a +0 falchion
  4340 | D:5      | Noticed Menkaure
  4340 | D:5      | Noticed a +0 short sword
  4341 | D:5      | Noticed a +0 spear
  4341 | D:5      | Noticed a +0 dagger
  4343 | D:5      | Found a hide-covered altar of Uskayaw.
  4346 | D:5      | Killed Menkaure
  4483 | D:5      | Killed from afar by an acid dragon

Illustrated notes

Levels and vault maps discovered:
D:1:      scummos_arrival_gate, layout_rooms, minmay_quantized
D:2:      layout_basic, serial_shops, nicolae_shop_waterfront,
          chequers_ecumenical_altar_grove, palyth_stone_intersect,
          amcnicky_mini_pool_small, uniq_crazy_yiuf_cottage
D:3:      layout_basic, mainiacjoe_overflow_alcove_2,
          nicolae_elyvilon_temple_path
D:4:      layout_loops_cross, led_xom_imps, serial_shops, shop,
          corexii_leaking_fountain
D:5:      minmay_skewed_foursquare, layout_basic, nicolae_uskayaw_en_pointe,
          minmay_temple_entry_large_hall, uniq_edmund, uniq_ijyb, uniq_menkaure,
          uniq_blork_the_orc
Temple:   jpeg_temple_alley_garden

Skill      XL: |  1  2  3  4  5  6  7  8 |
---------------+-------------------------+-----
Axes           | 3 4 5 6 7 9 11 | 11.8
Shields        | 4 |  4.0
Fighting       | 5 6 |  6.0
Armour         | |  3.2

Action                   |  1- 3 |  4- 6 |  7- 9 || total
-------------------------+-------+-------+-------++-------
Melee: War axe           |    73 |   131 |   150 ||   354
  Use: Scroll            |     1 |     2 |       ||     3
       Potion            |       |       |     1 ||     1
Armor: Scale mail        |    31 |    39 |       ||    70
       Chain mail        |       |    27 |    67 ||    94
Dodge: Dodged            |    25 |    54 |    42 ||   121
Block: Buckler           |     5 |    34 |    23 ||    62

Table legend: (Time is in decaauts)
 A = Elapsed time spent in this place.
 B = Non-inter-level travel time spent in this place.
 C = Inter-level travel time spent in this place.
 D = Time resting spent in this place.
 E = Time spent auto-exploring this place.
 F = Levels seen in this place.
 G = Mean time per level.
                   A        B        C        D        E       F      G
               +--------+--------+--------+--------+--------+-----+--------+
         Total |   4525 |   4356 |    169 |      0 |   3442 |   6 |  754.2 |
       Dungeon |   4289 |   4174 |    115 |      0 |   3273 |   5 |  857.8 |
        Temple |    236 |    182 |     54 |      0 |    169 |   1 |  236.0 |
               +--------+--------+--------+--------+--------+-----+--------+

Top non-repeatable levels by time:
     D:2: 1616 daAuts
     D:1: 961 daAuts
     D:4: 737 daAuts
     D:3: 612 daAuts
     D:5: 361 daAuts
  Temple: 236 daAuts
